 Dungeon Crawl Stone Soup version 0.21-a0-153-g78480df (webtiles) character file.

2 4thArraOfDagon the Caller (level 1, 0/15 HPs)
             Began as a Gnoll Wanderer on Aug 1, 2017.
             Slain by an adder (1 damage)
             ... on level 3 of the Dungeon.
             The game lasted 00:00:32 (91 turns).

4thArraOfDagon the Caller (Gnoll Wanderer)            Turns: 91, Time: 00:00:32

Health: 0/15       AC:  2    Str:  7    XL:     1   Next: 30%
Magic:  0/4        EV: 11    Int:  7    God:
Gold:   0          SH:  0    Dex:  7    Spells: 5/6 levels left

rFire    . . .     SeeInvis .   e - +0 club
rCold    . . .     Gourm    .   (no shield)
rNeg     . . .     Faith    .   d - +0 robe
rPois    .         Spirit   .   (no helmet)
rElec    .         Reflect  .   (no cloak)
rCorr    .         Harm     .   (no gloves)
MR       .....                  (no boots)
Stlth    ++........             (no amulet)
HPRegen  0.05/turn              (no ring)
MPRegen  0.09/turn              (no ring)

@: very slightly contaminated
A: unchanging attributes, fangs 1, strong nose
a: no special abilities


You were on level 3 of the Dungeon.
You were not hungry.

You visited 1 branch of the dungeon, and saw 3 of its levels.

Inventory:

Hand Weapons
 e - a +0 club (weapon)
 f - a +0 dagger
Armour
 d - a +0 robe (worn)
Scrolls
 i - a scroll of teleportation {unknown}
Potions
 h - a potion of agility {unknown}
Books
 a - a book of Minor Magic

   Spells                             Type                      Level
   a - Magic Dart                     Conjuration                  1
   b - Blink                          Translocation                2
   c - Call Imp                       Summoning                    2
   d - Slow                           Hexes                        2
   e - Conjure Flame                  Conjuration/Fire             3
   f - Mephitic Cloud                 Conjuration/Poison/Air       3
 b - the Tome of Dark Magic

   Spells                             Type                      Level
   a - Corpse Rot                     Necromancy                   2
   b - Sublimation of Blood           Necromancy                   2
 c - Sif Muna's Tome of Heat

   Spells                             Type                      Level
   a - Flame Tongue                   Conjuration/Fire             1
   b - Inner Flame                    Hexes/Fire                   3
Comestibles
 g - a bread ration


   Skills:
 + Level 1.0 Fighting
 - Level 2.4 Stealth
 - Level 3.0 Spellcasting
   Level 4.0 Summonings
 - Level 2.6 Fire Magic
   Level 1.3 Air Magic


You had 5 spell levels left.
You knew the following spells:

 Your Spells              Type           Power        Failure   Level  Hunger
a - Flame Tongue          Conj/Fire      #....        21%         1    ##.....


Dungeon Overview and Level Annotations

Branches:
Dungeon (3/15)

Altars:


Innate Abilities, Weirdness & Mutations

Your physical attributes are unchanging.
You have very sharp teeth.
Your uncanny sense of smell can sniff out nearby items.


Message History

Aiming: Flame Tongue
Press: ? - help, Shift-Dir - straight line, f/p - adder
Aim: an adder (heavily wounded)
The flame tongue misses the adder.
The adder bites you. x2
Casting: Flame Tongue
Confirm with . or Enter, or press ? or * to list all spells.
Aiming: Flame Tongue
Press: ? - help, Shift-Dir - straight line, f/p - adder
Aim: an adder (heavily wounded)
You miscast Flame Tongue.
You are very lightly contaminated with residual magic.
Wisps of smoke drift from your hands. The adder barely misses you.
You barely miss the adder.
The adder is heavily wounded.
The adder bites you but does no damage. The adder bites you.
* * * LOW HITPOINT WARNING * * *
You barely miss the adder.
The adder is heavily wounded.
The adder bites you.
You die...

. ...
########.....
#..@S........
##.##########
#.# #.# #.#
#.#########
#........<#
###########


You could see an adder.

Vanquished Creatures
  A frilled lizard (D:1)
  2 rats (D:3)
3 creatures vanquished.

Notes
Turn   | Place    | Note
-------+----------+-------------------------------------------
     0 | D:1      | 4thArraOfDagon the Gnoll Wanderer began the quest for the Orb.
     0 | D:1      | 4thArraOfDagon set off with: a book of Minor Magic, the Tome of Dark Magic, Sif Muna's Tome of Heat, a +0 robe, a +0 club, a +0 dagger, a bread ration
     0 | D:1      | Reached XP level 1. HP: 13/13 MP: 4/4
     3 | D:1      | Identified the Tome of Dark Magic
     3 | D:1      | Identified Sif Muna's Tome of Heat
     9 | D:1      | Learned a level 1 spell: Flame Tongue
    81 | D:3      | Reached skill level 1 in Fighting
    91 | D:3      | Slain by an adder

Vault maps used:
D:1:      eino_arrival_cavern_e
D:3:      lemuel_castle_with_subvaults, nicolae_overflow_hidden_temple,
          first_bread

Skill      XL: |  1 |
---------------+----+-----
Fighting       | 1 |  1.0
Stealth        | |  2.4
Spellcasting   | |  3.0
Summonings     | |  4.0
Fire Magic     | |  2.6
Air Magic      | |  1.3

Action                   || total
-------------------------++-------
Melee: Club              ||     5
 Cast: Flame Tongue      ||     5
Armor: Robe              ||     2
Dodge: Dodged            ||     3
